 Dungeon Crawl Stone Soup version 0.30-a0-165-g1891117ce2 (webtiles) character file.

Game seed: 6806644579673436868

79 qw the Chopper (level 4, -1/28 HPs)
             Began as a Gargoyle Fighter on Sept 28, 2022.
             Slain by an orc priest
             ... wielding a +1 trident of protection
              (5 damage)
             ... on level 3 of the Dungeon.
             The game lasted 00:00:46 (2126 turns).

qw the Chopper (Gargoyle Fighter)                   Turns: 2126, Time: 00:00:47

Health: -1/28      AC: 11    Str: 22    XL:     4   Next: 38%
Magic:  4/4        EV:  9    Int:  8    God:
Gold:   102        SH:  4    Dex:  9    Spells: 3/3 levels left

rFire   . . .      SeeInvis .    Y - +0 war axe
rCold   . . .      Faith    .    c - +0 buckler
rNeg    + . .      Spirit   .    b - +0 scale mail
rPois   inf        Reflect  .    (no helmet)
rElec   +          Harm     .    (no cloak)
rCorr   .          Rampage  .    (no gloves)
Will    .....                    k - +0 pair of boots
Stlth   ..........               (no amulet)
HPRegen 0.09/turn                (no ring)
MPRegen 0.09/turn                (no ring)

@: no status effects
A: sickness immunity, AC +3, negative energy resistance 1, electricity
resistance, torment resistance 1, petrification resistance
a: no special abilities


You were on level 3 of the Dungeon.
You visited 1 branch of the dungeon, and saw 3 of its levels.

You collected 102 gold pieces.


Innate Abilities, Weirdness & Mutations

You are immune to sickness and miasma.
Your stone body is resilient. (AC +3)
You are immune to poison.
You resist negative energy. (rN+)
You are resistant to electric shocks. (rElec)
You are resistant to unholy torment.
You are immune to petrification.


   Skills:
 - Level 3.2 Fighting
 + Level 4.1 Axes
 - Level 3.2 Armour
 - Level 3.2 Shields


You had 3 spell levels left.
You didn't know any spells.
Your spell library was empty.

Inventory:

Hand Weapons
 f - a +0 whip
 Y - a +0 war axe (weapon)
Armour
 b - a +0 scale mail (worn)
 c - a +0 buckler (worn)
 k - a +0 pair of boots (worn)
Jewellery
 i - a ring of ice
 l - a +4 ring of slaying {mikee}
Scrolls
 a - a scroll of identify
 m - a scroll of teleportation {unknown}
Potions
 d - 3 potions of might
 e - a potion of attraction {unknown}
 g - a potion of cancellation
 h - 2 potions of lignification
 j - a potion of flight {unknown}
 n - a potion of curing
 o - a potion of brilliance {unknown}

Dungeon Overview and Level Annotations

Branches:
Dungeon (3/15)

Altars:


Message History

m - a scroll labelled ICWUNIF APNY An orc priest and an orc come into view.
The orc priest is wielding a +1 trident of protection.
The orc is wielding a +2 war axe of freezing and wearing a +2 ring mail of fire resistance.
The orc priest shouts!
The orc shouts!
You hear a shout!
You hear an angry hiss.
An orc comes into view. It is wielding a +0 club.
2117 ||| Stepping ~*~*~tactically~*~*~ (hiding).
You start waiting.
An orc is nearby!
You barely miss the orc. The orc misses you.
The orc priest begins to cast a cantrip, but forgets the words!
You block the orc's attack.
You slash the orc!
You kill the orc!
The orc priest invokes the aid of Beogh against you.
Beogh smites you!
You hear a shout! x2
A hobgoblin and 2 orcs come into view.
The orc shouts! x3
The orc priest barely misses you. The hobgoblin hits you.
A frilled lizard comes into view.
Things that are here:
a +2 war axe of freezing; a +2 ring mail of fire resistance You closely miss the orc priest.
The frilled lizard hisses angrily.
You hit the hobgoblin. The orc priest closely misses you.
The hobgoblin closely misses you.
You slash the hobgoblin!
You kill the hobgoblin!
You barely miss the orc priest.
The orc priest calls down the wrath of Beogh upon you.
Pain shoots through your body! The orc hits you with a +0 war axe!
You slash the orc!
You kill the orc!
You hit the orc. The orc barely misses you.
The orc priest completely misses you.
You slash the orc!
You kill the orc!
The orc priest hits you from afar with a +1 trident of protection.
You die...

+............##.............~~
#............##....###.#####~~
#............###...# #.#
...#[........###...# #.#
#...............# #.#
#.................# #.#
#...........##...## #..
#..#..#...###..#..# ###
#.............@###.#
..~~~~~~~~~.##)o# .#
........~.###o..## ~.#####.~.#
#.l# .. ..# . ... .## .#


You could see an orc priest, an orc and a frilled lizard.

Vanquished Creatures
  3 adders
  2 dart slugs
  3 orcs (D:3)
  4 bats
  2 giant cockroaches
  6 goblins
  4 hobgoblins
  3 kobolds
  4 quokkas
  6 ball pythons
  6 frilled lizards
  4 rats
47 creatures vanquished.

Notes
Turn   | Place    | Note
-------+----------+-------------------------------------------
     0 | D:1      | qw the Gargoyle Fighter began the quest for the Orb.
     0 | D:1      | Reached XP level 1. HP: 14/14 MP: 1/1
     0 | D:1      | 0 ||| qw: Version: 0.2-a-12-gaebbb33
     0 | D:1      | 0 ||| qw: Game counter: 909
     0 | D:1      | 0 ||| qw: Always use a shield: true
     0 | D:1      | 0 ||| qw: God list: Okawaru
     0 | D:1      | 0 ||| qw: Allow faded altars: false
     0 | D:1      | 0 ||| qw: Do Orc after D:15 true
     0 | D:1      | 0 ||| qw: Do second Lair branch before Depths: true
     0 | D:1      | 0 ||| qw: Lair rune preference: random
     0 | D:1      | 0 ||| qw: Plans: Normal, Zot:1-4, God:TSO, Crypt, Tomb,
                  | Pan, Slime:5, Hells, Abyss, Orb
     0 | D:1      | 0 ||| PLANNING D:1-11
   108 | D:1      | Reached skill level 2 in Axes
   202 | D:1      | 202 ||| Stepping ~*~*~tactically~*~*~ (stealth).
   243 | D:1      | Reached XP level 2. HP: 19/19 MP: 2/2
   494 | D:1      | 494 ||| Stepping ~*~*~tactically~*~*~ (hiding).
   497 | D:1      | 497 ||| Stepping ~*~*~tactically~*~*~ (hiding).
   940 | D:1      | Found a faded altar of an unknown god.
  1151 | D:1      | Reached skill level 3 in Axes
  1197 | D:1      | 1197 ||| UPGRADING to +0 pair of boots.
  1202 | D:1      | 1202 ||| READING 3 scrolls labelled ICOUCH BOFIWE.
  1203 | D:1      | 1203 ||| READING scroll labelled NEADIFFAITO.
  1204 | D:1      | 1204 ||| READING scroll labelled ITRUNA TAST.
  1205 | D:1      | 1205 ||| DRINKING 2 fizzy golden potions.
  1206 | D:1      | 1206 ||| DRINKING 2 inky potions.
  1207 | D:1      | 1207 ||| READING 2 scrolls of identify.
  1207 | D:1      | 1207 ||| IDENTIFYING amethyst potion
  1208 | D:1      | 1208 ||| DROPPING potion of magic.
  1249 | D:2      | 1249 ||| STAIRDANCE
  1264 | D:2      | Reached XP level 3. HP: 20/23 MP: 3/3
  1264 | D:2      | 1264 ||| STAIRDANCE
  1311 | D:2      | 1311 ||| Stepping ~*~*~tactically~*~*~ (stealth).
  1982 | D:2      | 1982 ||| READING scroll labelled TANEAVE CUVY.
  1983 | D:2      | 1983 ||| READING scroll labelled TAZ UXETIAC.
  1984 | D:2      | 1984 ||| READING 3 scrolls of identify.
  1984 | D:2      | 1984 ||| IDENTIFYING brown potion
  1985 | D:2      | 1985 ||| READING 2 scrolls of identify.
  1985 | D:2      | 1985 ||| IDENTIFYING viscous sapphire potion
  1986 | D:2      | 1986 ||| DROPPING potion of degeneration.
  1998 | D:3      | 1998 ||| STAIRDANCE
  2009 | D:3      | Reached XP level 4. HP: 24/28 MP: 4/4
  2010 | D:3      | 2010 ||| STAIRDANCE
  2065 | D:3      | 2065 ||| Stepping ~*~*~tactically~*~*~ (stealth).
  2072 | D:3      | 2072 ||| Stepping ~*~*~tactically~*~*~ (stealth).
  2073 | D:3      | 2073 ||| Stepping ~*~*~tactically~*~*~ (stealth).
  2079 | D:3      | Reached skill level 4 in Axes
  2117 | D:3      | 2117 ||| Stepping ~*~*~tactically~*~*~ (hiding).
  2124 | D:3      | HP: 3/28 [orc/+0 war axe (8)]
  2126 | D:3      | Slain by an orc priest

Levels and vault maps discovered:
D:1:      nicolae_arrival_washed_ashore, layout_rooms,
          hellmonk_ecumenical_altar_zigzags, minmay_misc_feat_four_crosses,
          grunt_decor_clamped, minmay_quantized
D:2:      layout_rooms, chequers_serial_rivers_small_b, fountainhead
D:3:      wander_river, layout_loops_ring, general_overflow_altar,
          mainiacjoe_overflow_brackets, grunt_qazlal_clouds

Skill      XL: |  1  2  3  4 |
---------------+-------------+-----
Axes           | 2 3 4 |  4.1
Fighting       | |  3.2
Armour         | |  3.2
Shields        | |  3.2

Action                   |  1- 3 |  4- 6 || total
-------------------------+-------+-------++-------
Melee: War axe           |   118 |    13 ||   131
  Use: Scroll            |     8 |       ||     8
       Potion            |     2 |       ||     2
Armor: Scale mail        |    68 |     4 ||    72
Dodge: Dodged            |    54 |     7 ||    61
Block: Buckler           |    23 |     1 ||    24

Table legend:
 A = Non-vault XP
 B = Vault XP
 C = Vault XP percentage of total XP
 D = Non-vault monster count
 E = Vault monster count
 F = Vault count percentage of total count
                 A         B        C        D         E       F
            +---------+---------+-------+---------+---------+-------
      Total |     116 |       1 |   0.9 |      46 |       1 |   2.1
            +---------+---------+-------+---------+---------+-------
        D:1 |      30 |       1 |   3.2 |      18 |       1 |   5.3
        D:2 |      42 |       0 |   0.0 |      18 |       0 |   0.0
        D:3 |      44 |       0 |   0.0 |      10 |       0 |   0.0
            +---------+---------+-------+---------+---------+-------
